 Dungeon Crawl Stone Soup version 0.31-a0-609-g7bf6ffcfed (webtiles) character file.

Game seed: 12840244793317891513

5525 Pooter the Cleaver (level 10, -3/91 HPs)
             Began as a Minotaur Berserker on Aug 22, 2023.
             Was a Believer of Trog.
             Slain by an orange demon (11 damage)
             ... led by Amaemon
             ... on level 9 of the Dungeon.
             The game lasted 00:41:34 (8904 turns).

Pooter the Cleaver (Minotaur Berserker)             Turns: 8904, Time: 00:41:35

Health: -3/91      AC: 20    Str: 32    XL:     10   Next: 43%
Magic:  9/9        EV:  8    Int:  4    God:    Trog [**....]
Gold:   299        SH:  0    Dex: 10    Spells: 9/9 levels left

rFire   + . .        a - -2 executioner's axe
rCold   + . .        (shield currently unavailable)
rNeg    . . .        B - +0 plate armour
rPois   .            r - +2 hat {Will+}
rElec   .            L - scarf {rC+ rF+}
rCorr   .            F - +0 pair of gloves
SInv    .            q - +1 pair of boots {rampage}
Will    +....        (no amulet) Stlth
                     j - +4 ring of protection
HPRegen 0.35/turn    o - +6 ring of strength
MPRegen 0.11/turn

%: rampage
@: lethally poisoned (-3 -> -13), weakened, on berserk cooldown, slowed, very
slow
A: horns 2, retaliatory headbutt
a: Renounce Religion, Berserk, Trog's Hand


You were on level 9 of the Dungeon.
You worshipped Trog.
Trog was pleased with you.
You visited 2 branches of the dungeon, and saw 10 of its levels.

You collected 481 gold pieces.
You spent 182 gold pieces at shops.

Inventory:

Hand Weapons
 a - a -2 executioner's axe (weapon)
   (You bought it in a shop on level 7 of the Dungeon)
 b - a -1 longbow
   (You bought it in a shop on level 7 of the Dungeon)
 m - a +0 hand axe
 y - a +0 flail of draining
   (You took it off an orc on level 6 of the Dungeon)
 A - a +3 trident of draining
   (You took it off Jeremiah on level 6 of the Dungeon)
 I - a -3 triple crossbow
   (You bought it in a shop on level 7 of the Dungeon)
 J - a +0 sling
   (You took it off a gnoll on level 2 of the Dungeon)
 K - a +0 war axe
   (You took it off an orc warrior on level 6 of the Dungeon)
Missiles
 n - 5 poisoned darts (quivered)
 w - 3 throwing nets {!f}
 z - a curare-tipped dart
 H - 5 boomerangs
 Q - 70 stones
Armour
 q - a +1 pair of boots of rampaging (worn)
   (You bought it in a shop on level 3 of the Dungeon)
 r - a +2 hat of willpower (worn)
   (You took it off Gastronok on level 9 of the Dungeon)
 B - a +0 plate armour (worn)
   (You took it off an orc warrior on level 6 of the Dungeon)
 F - a +0 pair of gloves (worn)
   (You found it on level 7 of the Dungeon)
 L - a scarf of resistance (worn)
   (You found it on level 7 of the Dungeon)
Jewellery
 d - a ring of ice
   (You found it on level 1 of the Dungeon)
 j - a +4 ring of protection (left hand)
   (You found it on level 5 of the Dungeon)
 o - a +6 ring of strength (right hand)
   (You found it on level 8 of the Dungeon)
 C - a ring of resist corrosion
   (You took it off an orc warrior on level 7 of the Dungeon)
Wands
 f - a wand of flame (26)
   (You found it on level 8 of the Dungeon)
 u - a wand of roots (6)
   (You found it on level 1 of the Lair of Beasts)
Scrolls
 h - a scroll of brand weapon
 l - a scroll of enchant weapon
 s - a scroll of blinking
 t - 3 scrolls of teleportation {@r4}
 x - a scroll of fog
Potions
 c - a potion of berserk rage {unknown}
 e - a potion of resistance {unknown}
 g - a potion of attraction {!q}
 k - 3 potions of ambrosia
 p - 3 potions of mutation {!q}
 v - a potion of haste {unknown}
 D - a potion of invisibility {unknown}
 E - 2 potions of heal wounds {@q2}
 M - a potion of might
 N - 5 potions of curing {@q1}
 O - a potion of lignification {!q}


   Skills:
 + Level 9.1 Fighting
 * Level 12.3 Axes
 * Level 10.4 Ranged Weapons
 - Level 2.4 Armour
 - Level 2.1 Dodging
 - Level 1.9 Stealth


You had 9 spell levels left.
You didn't know any spells.
Your spell library was empty.

Dungeon Overview and Level Annotations

Branches:
Dungeon (9/15) Zot: 26248  Temple (0/1) D:7            Lair (1/5) D:9 Zot: 5978
    Orc: D:9-12

Altars:
Kikubaaqudgha
Qazlal
Ru
Sif Muna
Trog
Vehumet
Xom
The Shining One

Shops:
D:3 [   D:7 *   D:9 :


Innate Abilities, Weirdness & Mutations

You have a pair of horns on your head.
You reflexively headbutt those who attack you in melee.


Message History

You closely miss Amaemon. Your headbutt misses Amaemon.
You feel very sick. The orange demon stings you from afar.
Amaemon hits you with a -2 demon whip of venom.
You are more poisoned.
Amaemon closely misses you. Amaemon tail-slaps you.
You are more poisoned.
Amaemon poisons you!
You closely miss Amaemon.
You feel extremely sick.
You slice Amaemon!!
You feel very sick. The orange demon stings you from afar.
* * * LOW HITPOINT WARNING * * *
You are more poisoned.
You have difficulty breathing.
* * * LOW HITPOINT WARNING * * *
You feel yourself slow down.
Amaemon mumbles some strange words.
You slice Amaemon!! You closely miss the scorpion.
* * * LOW HITPOINT WARNING * * *
You feel extremely sick.
The orange demon stings you but does no damage.
Amaemon gestures wildly while chanting.
The scorpion stings you but does no damage.
You slice Amaemon!!
You kill Amaemon!
Trog accepts your kill.
Trog appreciates your killing of a magic user.
The scorpion disappears in a puff of smoke! x6
* * * LOW HITPOINT WARNING * * *
You feel extremely sick.
The orange demon no longer looks unusually toxic.
The orange demon stings you but does no damage.
The orange demon barely misses you.
Your Fighting skill increases to level 9!
You are no longer berserk.
You are exhausted.
You feel as though you will be slow longer.
* * * LOW HITPOINT WARNING * * *
You feel very sick.
The orange demon stings you but does no damage.
The orange demon hits you but does no damage.
Things that are here:
a -2 demon whip of venom; 9 gold pieces; the demonspawn corpse of Amaemon You barely miss the orange demon.
* * * LOW HITPOINT WARNING * * *
You feel extremely sick. The orange demon stings you!
You die...

#####.####...........##
#......)...#..#...##
#############....#..
##.....# #######
###...## #.....#
######...#..P
#.....####......#.#≈.P
#...§§............#...
#....@####.....##...##
#...$4# #.....##....#
#.....# #.....##..#..
#.....# #####......##
#.....# ###...##
#.....# ##### #.....#
####.##


You could see an orange demon.

Vanquished Creatures
  Gastronok (D:9)
  Amaemon (D:9)
  Jeremiah (D:6)
  A wyvern (Lair:1)
  3 yaks (D:9)
  A swamp worm (D:8)
  A water moccasin (D:7)
  3 orc warriors
  4 ice beasts
  2 black bears (D:6)
  3 sky beasts
  2 ogres
  2 lemures
  A phantom (D:5)
  A kobold brigand (D:6)
  5 bullfrogs
  2 scorpions
  A jelly (D:5)
  A howler monkey (D:7)
  3 orc priests
  2 gnoll boudas
  4 hounds
  Terence (D:3)
  An iguana (D:6)
  14 orc wizards
  Robin (D:3)
  11 gnolls
  7 adders
  A shadow imp (D:7)
  A white imp (D:8)
  An ufetubus (D:6)
  A worm (D:3)
  2 dart slugs
  32 orcs
  10 ball pythons
  5 endoplasms
  2 giant cockroaches
  14 goblins
  5 hobgoblins
  8 jackals
  7 quokkas
  3 bats
  3 frilled lizards
  13 kobolds
  6 rats
194 creatures vanquished.

Notes
Turn   | Place    | Note
-------+----------+-------------------------------------------
     0 | D:1      | Pooter the Minotaur Berserker began the quest for the Orb.
     0 | D:1      | Reached XP level 1. HP: 19/19 MP: 0/0
   203 | D:1      | Reached XP level 2. HP: 15/27 MP: 1/1
   204 | D:1      | Reached skill level 4 in Axes
   207 | D:1      | Reached skill level 1 in Stealth
   571 | D:1      | Reached XP level 3. HP: 33/33 MP: 2/2
  1030 | D:2      | Reached XP level 4. HP: 40/40 MP: 3/3
  1154 | D:2      | Reached ** piety under Trog
  1726 | D:3      | Reached skill level 1 in Ranged Weapons
  1794 | D:3      | Reached skill level 5 in Axes
  1846 | D:3      | Found an ancient bone altar of Kikubaaqudgha.
  1920 | D:3      | Noticed Robin
  1946 | D:3      | Killed Robin
  2192 | D:3      | Noticed Terence
  2200 | D:3      | Killed Terence
  2201 | D:3      | Reached XP level 5. HP: 47/47 MP: 4/4
  2539 | D:3      | Found a sacrificial altar of Ru.
  2678 | D:3      | Found Toresef's Armour Boutique.
  2772 | D:3      | Bought a +0 pair of boots of rampaging for 161 gold pieces
  3540 | D:4      | Found a stormy altar of Qazlal.
  3778 | D:5      | Entered Level 5 of the Dungeon
  3871 | D:5      | Reached *** piety under Trog
  3897 | D:5      | Reached skill level 6 in Axes
  3897 | D:5      | Reached XP level 6. HP: 55/55 MP: 5/5
  4055 | D:5      | Reached skill level 5 in Fighting
  4190 | D:5      | Noticed an ice beast
  4198 | D:5      | Killed an ice beast
  4327 | D:5      | Reached XP level 7. HP: 56/61 MP: 6/6
  4415 | D:5      | Reached skill level 7 in Axes
  4781 | D:5      | Reached skill level 5 in Ranged Weapons
  5205 | D:6      | Reached skill level 8 in Axes
  5205 | D:6      | Reached XP level 8. HP: 70/70 MP: 7/7
  5298 | D:6      | Found a glowing golden altar of the Shining One.
  5305 | D:6      | Found a shimmering altar of Xom.
  5306 | D:6      | Found a bloodstained altar of Trog.
  5309 | D:6      | Noticed Jeremiah
  5334 | D:6      | Killed Jeremiah
  5495 | D:6      | Reached skill level 9 in Axes
  5788 | D:6      | Reached XP level 9. HP: 79/79 MP: 8/8
  6031 | D:7      | Found a staircase to the Ecumenical Temple.
  6146 | D:7      | Reached skill level 10 in Axes
  6369 | D:7      | Found a shimmering blue altar of Sif Muna.
  6413 | D:7      | Found a radiant altar of Vehumet.
  6653 | D:7      | Found Vintipho's Lightly-Used Armoury.
  6659 | D:7      | Bought a -3 triple crossbow for 1 gold piece
  6659 | D:7      | Bought a -1 longbow for 19 gold pieces
  6659 | D:7      | Bought a -2 executioner's axe for 1 gold piece
  7667 | D:8      | Reached skill level 11 in Axes
  8314 | D:9      | Found Umac's Self-Published Books.
  8376 | D:9      | Found a staircase to the Lair.
  8421 | D:9      | Noticed Gastronok
  8453 | Lair:1   | Entered Level 1 of the Lair of Beasts
  8499 | D:9      | Killed Gastronok
  8500 | D:9      | Reached XP level 10. HP: 22/90 MP: 9/9
  8746 | D:9      | Reached skill level 10 in Ranged Weapons
  8748 | D:9      | Reached skill level 12 in Axes
  8888 | D:9      | Noticed an orange demon
  8891 | D:9      | Noticed Amaemon
  8902 | D:9      | Killed Amaemon
  8904 | D:9      | Slain by an orange demon

Illustrated notes

Levels and vault maps discovered:
D:1:      scummos_arrival_simple_fountains, layout_basic
D:2:      layout_basic
D:3:      layout_loops_ring, mainiacjoe_overflow_six_doors_small,
          nicolae_ru_sacrificial_ziggurat, serial_shops, shop, uniq_terence,
          uniq_robin
D:4:      layout_layer_cave, nicolae_qazlal_eye_of_the_storm
D:5:      layout_loops_corners, kennysheep_generic_room_4
D:6:      layout_rooms, chequers_temple_overflow_statue_of_worship,
          uniq_jeremiah
D:7:      layout_loops_ring, nicolae_overflow_crystal_walls,
          mainiacjoe_overflow_brackets, minmay_temple_entry_offerings,
          grunt_ogre_cave, nicolae_kite_square_tiling_tiny,
          minmay_misc_feat_rows, minmay_shop_damaged, minmay_hedge_maze,
          minmay_misc_feat_chi
D:8:      layout_loops_ring, worms_lemuel
D:9:      layout_basic, mainiacjoe_overflow_divided_tiny, dpeg_oklobed_lair,
          hiddenorc2_lemuel, nicolae_custom_books, kennysheep_generic_room_3,
          uniq_gastronok, uniq_amaemon, uniq_pikel
Lair:1:   layout_loops_ring, gammafunk_ghost_grave

Skill      XL: |  1  2  3  4  5  6  7  8  9 10 |
---------------+-------------------------------+-----
Axes           | 4 5 6 8 9 11 12 | 12.3
Stealth        | 1 |  1.9
Fighting       | 4 5 6 7 8 9 |  9.1
Ranged Weapons | 1 2 4 5 7 9 10 | 10.4
Armour         | |  2.4
Dodging        | |  2.1

Action                     |  1- 3 |  4- 6 |  7- 9 | 10-12 || total
---------------------------+-------+-------+-------+-------++-------
  Melee: Hand axe          |    55 |    49 |       |       ||   104
         Headbutt          |     6 |    20 |    53 |     7 ||    86
         Punch             |     1 |       |     1 |       ||     2
         Trident           |       |    85 |   116 |       ||   201
         Flail             |       |       |    19 |       ||    19
         War axe           |       |       |   108 |       ||   108
         Executioner's axe |       |       |    33 |    23 ||    56
   Fire: Sling             |     8 |   101 |    27 |       ||   136
         Longbow           |       |       |    31 |     1 ||    32
  Throw: Dart              |       |     2 |    19 |       ||    21
 Invoke: Berserk           |     2 |     2 |    16 |     2 ||    22
         Trog's Hand       |       |     4 |    13 |     3 ||    20
    Use: Scroll            |     2 |     5 |    12 |     2 ||    21
         Potion            |       |       |     1 |       ||     1
   Stab: Sleeping          |     4 |       |       |       ||     4
         Distracted        |       |     1 |       |       ||     1
 Armour: Animal skin       |     5 |     3 |       |       ||     8
         Ring mail         |       |     7 |       |       ||     7
         Scale mail        |       |    45 |    77 |       ||   122
         Plate armour      |       |       |    91 |    20 ||   111
  Dodge: Dodged            |    38 |    65 |    94 |    12 ||   209

Table legend: (Time is in decaauts)
 A = Elapsed time spent in this place.
 B = Non-inter-level travel time spent in this place.
 C = Inter-level travel time spent in this place.
 D = Time resting spent in this place.
 E = Time spent auto-exploring this place.
 F = Levels seen in this place.
 G = Mean time per level.
                   A        B        C        D        E       F      G
               +--------+--------+--------+--------+--------+-----+--------+
         Total |   9195 |   9062 |    133 |   2078 |   5345 |  10 |  919.5 |
       Dungeon |   9173 |   9040 |    133 |   2078 |   5345 |   9 | 1019.2 |
          Lair |     22 |     22 |      0 |      0 |      0 |   1 |   22.0 |
               +--------+--------+--------+--------+--------+-----+--------+

Top non-repeatable levels by time:
     D:5: 1398 daAuts
     D:7: 1371 daAuts
     D:3: 1181 daAuts
     D:6: 956 daAuts
     D:2: 927 daAuts
     D:4: 913 daAuts
     D:8: 855 daAuts
     D:1: 819 daAuts
     D:9: 749 daAuts
  Lair:1: 22 daAuts
